 Dungeon Crawl Stone Soup version 0.29-a0-360-g8ed1089bbe (webtiles) character file.

Game seed: 14337742741523327194

526 jaega1 the Cleaver (level 7, -4/57 HPs)
             Began as a Hill Orc Fighter on Apr 28, 2022.
             Was a Believer of Fedhas.
             Slain by Menkaure (14 damage)
             ... on level 4 of the Dungeon.
             The game lasted 00:10:12 (4828 turns).

jaega1 the Cleaver (Hill Orc Fighter)               Turns: 4828, Time: 00:10:12

Health: -4/57      AC:  9    Str: 19    XL:     7   Next: 23%
Magic:  5/7        EV:  9    Int:  8    God:    Fedhas [**....]
Gold:   169        SH:  4    Dex: 12    Spells: 6/6 levels left

rFire   + . .      SeeInvis +   a - +0 war axe
rCold   . . .      Faith    .   c - +0 buckler
rNeg    . . .      Spirit   .   b - +0 scale mail
rPois   .          Reflect  .   (no helmet)
rElec   .          Harm     .   (no cloak)
rCorr   .          Rampage  .   (no gloves)
Will    .....                   f - +1 pair of boots
Stlth   ..........              (no amulet)
HPRegen 0.19/turn               m - ring of see invisible
MPRegen 0.10/turn               n - ring of protection from fire

@: mighty
A: no striking features
a: Renounce Religion, Wall of Briars


You were on level 4 of the Dungeon.
You worshipped Fedhas.
Fedhas was pleased with you.
You visited 1 branch of the dungeon, and saw 4 of its levels.

You collected 169 gold pieces.

Inventory:

Hand Weapons
 a - a +0 war axe (weapon)
Missiles
 o - a throwing net
 t - 5 poisoned darts
 w - 64 stones
 A - 5 boomerangs (quivered)
Armour
 b - a +0 scale mail (worn)
 c - a +0 buckler (worn)
 f - a +1 pair of boots (worn)
Jewellery
 m - a ring of see invisible (left hand)
 n - a ring of protection from fire (right hand)
 x - a +6 ring of intelligence
 B - an amulet of reflection
Scrolls
 e - 2 scrolls of teleportation
 r - a scroll of identify
 u - 2 scrolls of blinking
Potions
 g - 2 potions of heal wounds {unknown}
 h - a potion of brilliance
 i - a potion of flight {unknown}
 j - 2 potions of degeneration {unknown}
 k - a potion of haste {unknown}
 l - 2 potions of berserk rage {unknown}
 p - 2 potions of attraction {unknown}
 q - a potion of curing {unknown}
 C - a potion of magic {unknown}


   Skills:
 - Level 3.6 Fighting
 * Level 9.7 Axes
 - Level 1.0(5.1) Maces & Flails
 - Level 1.2 Throwing
 - Level 3.2 Armour
 - Level 3.2 Shields


You had 6 spell levels left.
You didn't know any spells.
Your spell library contained the following spells:

 Spells                   Type           Power      Damage    Failure   Level
 Sublimation of Blood     Necr           0%         N/A       95%         2
 Wereblood                Tmut           0%         N/A       95%         2
 Petrify                  Tmut/Erth      0%         N/A       100%        4
 Irradiate                Conj/Tmut      0%         3d13      100%        5
 Summon Hydra             Summ           0%         N/A       100%        7


Dungeon Overview and Level Annotations

Branches:
Dungeon (4/15)
 Temple: D:4-7

Altars:
Fedhas
Qazlal
Zin

Annotations:
D:4 Menkaure


Message History

Things that are here:
a +0 morningstar; a +0 leather armour
There is an open door here.
Menkaure shouts!
A briar patch grows up from the ground. x5
You can no longer grow a ballistomycete.
You walk carefully through the plants.
You start resting.
Menkaure is nearby!
Throw: 5 boomerangs
Press: ? - help, Q - select action, (/) - cycle Shift-Dir - straight line, f - Menkaure
Aim: Menkaure (73% to hit)
You throw a boomerang. Fedhas protects your plant from harm.
The boomerang closely misses Menkaure.
Menkaure gestures wildly while chanting.
Menkaure seems to speed up.
You start resting.
Menkaure is nearby!
You walk carefully through the plants.
Menkaure calls on the powers of darkness!
Your body is wracked with pain!
Menkaure barely misses you.
You barely miss Menkaure.
Menkaure calls on the powers of darkness!
Your body is wracked with pain!
* * * LOW HITPOINT WARNING * * *
You slash Menkaure!
Menkaure is moderately damaged.
Menkaure calls on the powers of darkness!
Your body is wracked with pain!
* * * LOW HITPOINT WARNING * * *
Menkaure hits you but does no damage.
You feel very mighty all of a sudden.
Your briar patch disappears in a puff of smoke!
Menkaure hits you but does no damage.
You barely miss Menkaure.
Menkaure is moderately damaged.
Menkaure hits you!
You die...
Fedhas appreciates your contribution to the ecosystem.

.........#..# #.#.###...
............###.#.# #.#
..#.....#.#.....#.# #.#
..#.....#.#####.#.# ##.#
.##.....#.#####.#.###..#
.##.#........##.#.##.#.#######
.##.#...#.##.##M.PP..........#
....#.....##..###M###.######.#
.####..#........@.# #.# #.# .#
##...####'##### #.######.####
.# ##...##.......##
............. ##
#....#.♣#####♣.# #.#####.#####
##.#.#.##...##.# #.# #.# #
#...#.#.♣.♣.#.# #.# #
#...#.#..>..#.# #.# #
#...#.#.♣.♣.#.# #.#####
#...#.##...##.# #....§.


You could see Menkaure (fast, ally target).

Vanquished Creatures
  2 ogres (D:4)
  A scorpion (D:4)
  A gnoll shaman (D:4)
  8 gnolls
  8 adders
  An ufetubus (D:3)
  3 worms
  A dart slug (D:1)
  8 orcs
  4 bats
  5 endoplasms
  5 giant cockroaches
  9 goblins
  9 hobgoblins
  6 jackals
  6 quokkas
  10 ball pythons
  A frilled lizard (D:2)
  4 kobolds
  6 rats
98 creatures vanquished.

Notes
Turn   | Place    | Note
-------+----------+-------------------------------------------
     0 | D:1      | jaega1 the Hill Orc Fighter began the quest for the Orb.
     0 | D:1      | Reached XP level 1. HP: 19/19 MP: 1/1
    91 | D:1      | Reached skill level 3 in Axes
   148 | D:1      | Reached XP level 2. HP: 26/26 MP: 2/2
   220 | D:1      | Reached skill level 4 in Axes
   951 | D:2      | Reached XP level 3. HP: 21/31 MP: 3/3
  1085 | D:2      | Reached skill level 5 in Axes
  1085 | D:2      | Found a faded altar of an unknown god.
  1092 | D:2      | Prayed at the altar of an unknown god.
  1092 | D:2      | Became a worshipper of Fedhas Madash
  1092 | D:2      | Reached * piety under Fedhas
  1288 | D:2      | Reached XP level 4. HP: 24/39 MP: 4/4
  1611 | D:2      | Reached skill level 6 in Axes
  1847 | D:2      | Reached skill level 1 in Maces & Flails
  2414 | D:3      | Reached ** piety under Fedhas
  2417 | D:3      | Reached XP level 5. HP: 40/45 MP: 5/5
  2981 | D:3      | Reached skill level 7 in Axes
  3302 | D:4      | Found a stormy altar of Qazlal.
  3512 | D:4      | Found a glowing silver altar of Zin.
  3515 | D:4      | Noticed an ogre
  3527 | D:4      | Killed an ogre
  3528 | D:4      | Reached skill level 8 in Axes
  3528 | D:4      | Reached skill level 1 in Throwing
  3528 | D:4      | Reached XP level 6. HP: 51/51 MP: 3/6
  3654 | D:4      | Noticed Menkaure
  4470 | D:4      | Reached skill level 9 in Axes
  4481 | D:4      | Reached XP level 7. HP: 30/57 MP: 7/7
  4770 | D:4      | Reached *** piety under Fedhas
  4828 | D:4      | Slain by Menkaure

Illustrated notes

Levels and vault maps discovered:
D:1:      dpeg_arrival_three_smaller_balls, layout_basic, st_stairs_12,
          roderic_roman_lattice
D:2:      layout_basic, basic_ecumenical_altar
D:3:      layout_loops_ring
D:4:      layout_loops_ring, mainiacjoe_overflow_catwalk, zin_academy,
          grunt_ministairs_11, uniq_menkaure

Skill      XL: |  1  2  3  4  5  6 |
---------------+-------------------+-----
Axes           | 3 4 5 6 8 9 |  9.7
Maces & Flails | 1 |  1.0
Throwing       | 1 |  1.2
Fighting       | |  3.6
Armour         | |  3.2
Shields        | |  3.2

Action                   |  1- 3 |  4- 6 |  7- 9 || total
-------------------------+-------+-------+-------++-------
Melee: War axe           |    91 |   201 |    22 ||   314
Throw: Boomerang         |       |     6 |     1 ||     7
Invok: Wall of Briars    |       |     1 |     1 ||     2
  Use: Scroll            |       |     8 |       ||     8
       Potion            |       |       |     1 ||     1
Armor: Scale mail        |    60 |    84 |     7 ||   151
Dodge: Dodged            |    42 |    91 |     7 ||   140
Block: Buckler           |    20 |    45 |     4 ||    69

Table legend: (Time is in decaauts)
 A = Elapsed time spent in this place.
 B = Non-inter-level travel time spent in this place.
 C = Inter-level travel time spent in this place.
 D = Time resting spent in this place.
 E = Time spent auto-exploring this place.
 F = Levels seen in this place.
 G = Mean time per level.
                   A        B        C        D        E       F      G
               +--------+--------+--------+--------+--------+-----+--------+
         Total |   4905 |   4823 |     82 |   1077 |   2756 |   4 | 1226.2 |
       Dungeon |   4905 |   4823 |     82 |   1077 |   2756 |   4 | 1226.2 |
               +--------+--------+--------+--------+--------+-----+--------+

Top non-repeatable levels by time:
     D:3: 1652 daAuts
     D:2: 1390 daAuts
     D:1: 955 daAuts
     D:4: 908 daAuts
